 Dungeon Crawl Stone Soup version 0.31-a0-408-gb642c7f9a3 (webtiles) character file.

Game seed: 18053234585860544064

53 horus123 the Trooper (level 3, -2/33 HPs)
             Began as a Draconian Shapeshifter on July 30, 2023.
             Splashed by a jelly's acid (4 damage)
             ... on level 1 of the Dungeon.
             The game lasted 00:02:27 (945 turns).

horus123 the Trooper (Draconian Shapeshifter)        Turns: 945, Time: 00:02:28

Health: -2/33      AC:  1    Str: 19    XL:     3   Next: 62%
Magic:  3/3        EV: 12    Int:  8    God:
Gold:   70         SH:  0    Dex: 11    Spells: 2/2 levels left

rFire   . .          .
                       - Unarmed
rCold   . . .        (no shield)
rNeg    . . .        (body armour unavailable)
rPois   .            (helmet currently unavailable)
rElec   .            (cloak currently unavailable)
rCorr   .            (gloves currently unavailable)
SInv    .            (boots currently unavailable)
Will    .....        (no amulet)
Stlth   +            i - ring of flight
HPRegen 0.25/turn    (no ring)
MPRegen 0.08/turn

%: no passive effects
@: beast-form, corroded, flying
A: beast (slay +2), AC +5, unfitting armour, cold-blooded
a: Begin Untransformation


You were on level 1 of the Dungeon.
You were a hulking beast.
You visited 1 branch of the dungeon, and saw 2 of its levels.

You collected 70 gold pieces.

Inventory:

Armour
 d - a +0 cloak
Jewellery
 i - a ring of flight (left hand)
Talismans
 b - a beast talisman
Scrolls
 c - a scroll of poison {unknown}
 e - a scroll of identify {unknown}
 g - a scroll of revelation {unknown}
Potions
 a - a potion of lignification
 f - a potion of ambrosia {unknown}
 h - a potion of enlightenment {unknown}


   Skills:
 + Level 4.0 Fighting
 - Level 1.7 Dodging
 - Level 3.0 Unarmed Combat
 - Level 3.0 Shapeshifting


You had 2 spell levels left.
You didn't know any spells.
Your spell library contained the following spells:

 Spells                   Type           Power      Damage    Failure   Level
 Stone Arrow              Conj/Erth      0%         3d7       78%         3
 Anguish                  Hex/Necr       0%         N/A       99%         4
 Cause Fear               Hex            0%         N/A       99%         4
 Enfeeble                 Hex            0%         N/A       100%        7
 Lehudib's Crystal Spear  Conj/Erth      0%         10d2      100%        8
 Animate Armour           Summ/Erth      Unusable   N/A       N/A         4

Dungeon Overview and Level Annotations

Branches:
Dungeon (2/15)

Altars:


Innate Abilities, Weirdness & Mutations

You are a hulking beast.
Your limbs bulge with bestial killing power. (Slay +2)
Your plain brown scales are hard. (AC +5)
You cannot fit into any form of body armour.
You are cold-blooded and may be slowed by cold attacks.


Message History

You fly upwards.
There is a stone staircase leading down here.
You are too injured to fight recklessly!
You are too injured to fight recklessly!
You are too injured to fight recklessly!
You punch the endoplasm!
You kill the endoplasm!
You start resting.
HP restored.
You start waiting.
Done waiting.
You fly downwards.
The jelly hits you.
You are splashed with acid!
The endoplasm hits you. The endoplasm closely misses you.
The jelly completely misses you.
There is a stone staircase leading up, spattered with blood here.
The endoplasm hits you but does no damage.
The jelly barely misses you.
You fly upwards.
There is a stone staircase leading down here.
You hit the endoplasm.
The endoplasm is lightly wounded.
The jelly hits you but does no damage. The endoplasm freezes you.
You are frozen.
You feel yourself slow down.
You hit the endoplasm.
You kill the endoplasm!
The jelly closely misses you.
Your Fighting skill increases to level 4!
You hit the jelly. The acid corrodes you!
Your hands burn!
The jelly is lightly wounded.
The jelly hits you.
You are splashed with acid!
* * * LOW HITPOINT WARNING * * *
The jelly barely misses you.
You hit the jelly.
Your hands burn!
* * * LOW HITPOINT WARNING * * *
The jelly is heavily wounded.
You feel yourself speed up. The jelly hits you but does no damage.
You hit the jelly but do no damage. The acid corrodes you!
Your hands burn!
You die...

######## #......#
#......# #
#########......###
#h................
#.J...##..........
#######......#.......
##.......###..#.......
#......#.#
#......รท...
#.....##.# #.#........
#....##..# #.##..#####
#...##...# #.###......
#..##....# #..........


You could see a jelly.

Vanquished Creatures
  A jelly (D:2)
  A ball python (D:1)
  3 bats (D:1)
  5 endoplasms
  A giant cockroach (D:1)
  A goblin (D:1)
  A quokka (D:1)
  3 frilled lizards (D:1)
  6 kobolds
  A rat (D:1)
23 creatures vanquished.

Notes
Turn   | Place    | Note
-------+----------+-------------------------------------------
     0 | D:1      | horus123 the Draconian Shapeshifter began the quest for the
                  | Orb.
     0 | D:1      | Reached XP level 1. HP: 16/16 MP: 1/1
   136 | D:1      | Reached skill level 2 in Fighting
   159 | D:1      | Reached XP level 2. HP: 23/25 MP: 2/2
   717 | D:2      | Reached skill level 3 in Fighting
   724 | D:2      | Reached XP level 3. HP: 4/33 MP: 3/3
   943 | D:1      | Reached skill level 4 in Fighting
   945 | D:1      | Splashed by a jelly's acid

Illustrated notes

Levels and vault maps discovered:
D:1:      giann_horns, layout_basic, minmay_misc_feat_square
D:2:      cheibrodos_fertilizer, layout_loops_cross, serial_shops,
          nicolae_shop_crystal, uniq_robin

Skill      XL: |  1  2  3 |
---------------+----------+-----
Fighting       | 2 3 4 |  4.0
Dodging        | |  1.7
Unarmed Combat | |  3.0
Shapeshifting  | |  3.0

Action                     || total
---------------------------++-------
  Melee: Unarmed           ||    48
         Tailslap          ||     1
 Armour: Skin              ||    16
  Dodge: Dodged            ||    27

Table legend: (Time is in decaauts)
 A = Elapsed time spent in this place.
 B = Non-inter-level travel time spent in this place.
 C = Inter-level travel time spent in this place.
 D = Time resting spent in this place.
 E = Time spent auto-exploring this place.
 F = Levels seen in this place.
 G = Mean time per level.
                   A        B        C        D        E       F      G
               +--------+--------+--------+--------+--------+-----+--------+
         Total |    951 |    934 |     17 |    179 |    566 |   2 |  475.5 |
       Dungeon |    951 |    934 |     17 |    179 |    566 |   2 |  475.5 |
               +--------+--------+--------+--------+--------+-----+--------+

Top non-repeatable levels by time:
     D:1: 681 daAuts
     D:2: 270 daAuts
